 Dungeon Crawl Stone Soup version 0.29.1-4-g47bece8355 (webtiles) character file.

Game seed: 7235869735872004694

446 GorkyZ the Trooper (level 7, -3/44 HPs)
             Began as a Gargoyle Monk on Dec 3, 2022.
             Slain by an ogre
             ... wielding a +0 giant club
              (23 damage)
             ... on level 5 of the Dungeon.
             The game lasted 00:07:19 (3505 turns).

GorkyZ the Trooper (Gargoyle Monk)                  Turns: 3505, Time: 00:07:20

Health: -3/44      AC: 18    Str: 16    XL:     7   Next: 3%
Magic:  7/7        EV:  7    Int: 11    God:
Gold:   165        SH:  0    Dex: 12    Spells: 6/6 levels left

rFire   . . .      SeeInvis .   q - +4 hand axe
rCold   . . .      Faith    .   (no shield)
rNeg    + . .      Spirit   .   k - +0 chain mail
rPois   ∞          Reflect  .   n - +0 helmet
rElec   +          Harm     .   (no cloak)
rCorr   .          Rampage  .   p - +2 pair of gloves
Will    .....                   (no boots)
Stlth   ..........              (no amulet)
HPRegen 0.14/turn               (no ring)
MPRegen 0.10/turn               (no ring)

@: studying Dodging
A: sickness immunity, AC +4, negative energy resistance 1, electricity
resistance, torment resistance 1, petrification resistance
a: no special abilities


You were on level 5 of the Dungeon.
You visited 1 branch of the dungeon, and saw 6 of its levels.

You collected 165 gold pieces.

Inventory:

Hand Weapons
 a - a +0 mace
 q - a +4 hand axe (weapon)
Missiles
 o - 7 poisoned darts (quivered)
Armour
 b - a +0 robe
 d - a +0 helmet
 g - a +0 leather armour
 k - a +0 chain mail (worn)
 n - a +0 helmet (worn)
 p - a +2 pair of gloves (worn)
Scrolls
 m - a scroll of blinking {unknown}
 r - 2 scrolls of amnesia {unknown}
Potions
 c - a potion of ambrosia
 e - a potion of flight
 f - 2 potions of might
 h - 3 potions of curing {unknown}
 i - 2 potions of haste {unknown}
 j - a potion of lignification {unknown}
 l - a potion of berserk rage {unknown}


   Skills:
 + Level 4.5 Fighting
 + Level 4.1 Maces & Flails
 + Level 2.2 Throwing
 + Level 2.7 Armour
 + Level 4.0 Dodging
 - Level 2.1 Stealth
 + Level 2.3 Evocations


You had 6 spell levels left.
You didn't know any spells.
Your spell library contained the following spells:

 Spells                   Type           Power      Damage    Failure   Level
 Apportation              Tloc           0%         N/A       99%         1
 Necrotise                Necr           0%         1d4       99%         1
 Summon Small Mammal      Summ           0%         N/A       99%         1
 Static Discharge         Conj/Air       0%         3-3/arc   100%        2
 Wereblood                Tmut           0%         N/A       100%        2
 Vampiric Draining        Necr           0%         2d6       100%        3
 Agony                    Necr           0%         N/A       100%        5
 Lightning Bolt           Conj/Air       0%         1d11      100%        5
 Summon Hydra             Summ           0%         N/A       100%        7
 Maxwell's Capacitive Co  Air            0%         ∞         100%        8
 Sublimation of Blood     Necr           Unusable   N/A       N/A         2

Dungeon Overview and Level Annotations

Branches:
Dungeon (6/15)
 Temple: D:4-7

Altars:


Innate Abilities, Weirdness & Mutations

You are immune to sickness and miasma.
Your stone body is resilient. (AC +4)
You are immune to poison.
You resist negative energy. (rN+)
You are resistant to electric shocks. (rElec)
You are resistant to unholy torment.
You are immune to petrification.


Message History

The phantom hits you but does no damage.
You miss the phantom.
The phantom is almost destroyed.
The phantom hits you but does no damage.
The phantom barely misses you.
You barely miss the phantom.
The phantom is almost destroyed.
The phantom hits you but does no damage.
You hit the phantom.
You destroy the phantom!
Your Dodging skill increases to level 4!
You have reached level 7!
There is a stone staircase leading up here.
You can't go down here!
You climb upwards.
There is a stone staircase leading down here.
HP restored.
Found a robe.
Found a scale mail.
An ogre comes into view. It is wielding a +0 giant club.
The ogre shouts!
Found a scroll labelled KEKKESKEPT.
You hit the ogre.
The ogre is lightly wounded.
The ogre hits you with a +0 giant club!
You hit the ogre.
The ogre is moderately wounded.
An orc comes into view. It is wielding a +0 dagger.
You hit the ogre.
The ogre is heavily wounded.
The ogre hits you with a +0 giant club!!
You are too injured to fight recklessly!
You are too injured to fight recklessly!
You are too injured to fight recklessly!
You are too injured to fight recklessly!
You hit the ogre.
The ogre is heavily wounded.
The ogre hits you with a +0 giant club!!
Ouch! That really hurt!
You die...

. #.#### .
...#. #.....#
#.#...#
#.#..[# #
####.....#..#.
#[..?.O..o....
#.#.####@#
#.#......#
#.#..###.#
#.#......#
##.#...##.#
#......##...
#..#...######
#..>........
#.##########


You could see an ogre and an orc.

Vanquished Creatures
  3 phantoms
  A bullfrog (D:6)
  A hound (D:6)
  An iguana (D:6)
  2 adders
  A white imp (D:6)
  A worm (D:3)
  4 dart slugs
  10 orcs
  3 ball pythons
  An endoplasm (D:1)
  4 giant cockroaches
  4 goblins
  3 hobgoblins
  4 jackals (D:2)
  3 quokkas
  6 bats
  5 frilled lizards
  5 kobolds
  3 rats
65 creatures vanquished.

Notes
Turn   | Place    | Note
-------+----------+-------------------------------------------
     0 | D:1      | GorkyZ the Gargoyle Monk began the quest for the Orb.
     0 | D:1      | Reached XP level 1. HP: 14/14 MP: 1/1
   282 | D:1      | Reached XP level 2. HP: 17/19 MP: 2/2
   927 | D:1      | Reached skill level 1 in Armour
   927 | D:1      | Reached XP level 3. HP: 15/23 MP: 3/3
  1286 | D:2      | Identified a scroll of acquirement
  1286 | D:2      | Acquired a manual of Dodging
  1582 | D:2      | Found a faded altar of an unknown god.
  1865 | D:2      | Reached skill level 1 in Throwing
  1865 | D:2      | Reached skill level 1 in Evocations
  2049 | D:2      | Identified the +1 whip "Jutsan" {venom, SInv}
  2527 | D:3      | Reached XP level 4. HP: 29/29 MP: 4/4
  2576 | D:3      | Noticed a phantom
  2582 | D:3      | Killed a phantom
  2583 | D:3      | Reached XP level 5. HP: 33/33 MP: 5/5
  3124 | D:4      | You fall into a shaft and drop 2 floors!
  3159 | D:6      | Noticed a phantom
  3182 | D:6      | Killed a phantom
  3183 | D:6      | Reached XP level 6. HP: 27/38 MP: 6/6
  3447 | D:6      | Reached XP level 7. HP: 37/44 MP: 7/7
  3451 | D:5      | Entered Level 5 of the Dungeon
  3505 | D:5      | Slain by an ogre

Illustrated notes

Levels and vault maps discovered:
D:1:      minmay_arrival_nine_rooms, layout_basic
D:2:      layout_loops_corners, chequers_ecumenical_altar_simple_redux
D:3:      layout_loops_cross
D:4:      layout_rooms, enter_ossuary_2, uniq_eustachio
D:5:      layout_basic, minmay_temple_entry_trees, ebering_ghost_rock_garden
D:6:      layout_cave_pods

Skill      XL: |  1  2  3  4  5  6 |
---------------+-------------------+-----
Armour         | 1 2 |  2.7
Throwing       | 1 2 |  2.2
Evocations     | 1 2 |  2.3
Dodging        | 3 4 |  4.0
Fighting       | 4 |  4.5
Maces & Flails | 4 |  4.1
Stealth        | |  2.1

Action                   |  1- 3 |  4- 6 |  7- 9 || total
-------------------------+-------+-------+-------++-------
Melee: Mace              |   136 |       |       ||   136
       Hand axe          |     4 |   104 |     4 ||   112
       Punch             |       |     2 |       ||     2
  Use: Scroll            |     6 |       |       ||     6
 Stab: Sleeping          |     5 |       |       ||     5
Armor: Robe              |    17 |       |       ||    17
       Leather armour    |    20 |       |       ||    20
       Chain mail        |    40 |    86 |       ||   126
Dodge: Dodged            |    75 |    31 |       ||   106
